 Dungeon Crawl Stone Soup version 0.30.1-11-g7821555f0a (webtiles) character file.

Game seed: 10173497615957877261

2818 monsoonserge the Zephyrmancer (level 9, -5/49 HPs)
             Began as a Tengu Air Elementalist on Dec 3, 2023.
             Was a Believer of Vehumet.
             Killed by the air
             ... invoked by Gastronok
              (22 damage)
             ... on level 8 of the Dungeon.
             The game lasted 00:26:39 (7090 turns).

monsoonserge the Zephyrmancer (TeAE)                Turns: 7090, Time: 00:26:39

Health: -5/49      AC:  6    Str:  8    XL:     9   Next: 72%
Magic:  5/17       EV: 17    Int: 20    God:    Vehumet [**....]
Gold:   485        SH:  0    Dex: 17    Spells: 6/18 levels left

rFire   . . .        k - +2 dagger (venom)
rCold   . . .        (no shield)
rNeg    + . .        v - +0 steam dragon scales
rPois   .            (helmet restricted)
rElec   .            (no cloak)
rCorr   +            (no gloves)
SInv    +            (boots unavailable)
Will    .....        (no amulet)
Stlth   ++++         n - ring of Amenouk {rN+ Will- rCorr Dex+2 SInv Stlth+}
HPRegen 0.28/turn    y - ring of willpower
MPRegen 0.15/turn

%: no passive effects
@: flying quickly and evasively, slowed, very slow
A: beak, talons 3, nimble flight
a: Renounce Religion


You were on level 8 of the Dungeon.
You worshipped Vehumet.
Vehumet was pleased with you.
You visited 2 branches of the dungeon, and saw 9 of its levels.

You collected 485 gold pieces.

Inventory:

Hand Weapons
 e - a +0 rapier
 k - a +2 dagger of venom (weapon)
 p - a +1 morningstar of flaming
 A - a +1 vampiric dagger
Missiles
 j - 2 atropa-tipped darts
 t - 2 boomerangs (quivered)
 w - a throwing net
Armour
 v - +0 steam dragon scales (worn)
Jewellery
 n - the ring of Amenouk (left hand) {rN+ Will- rCorr Dex+2 SInv Stlth+}
   (You found it on level 3 of the Dungeon)

   [ring of see invisible]

   Dex:       It affects your dexterity (+2).
   rN:        It protects you from negative energy.
   SInv:      It lets you see invisible.
   rCorr:     It protects you from acid and corrosion.
   Will:      It decreases your willpower.
   Stlth:     It makes you more stealthy.
 y - a ring of willpower (right hand)
Wands
 o - a wand of flame (21)
Scrolls
 d - 2 scrolls of immolation {unknown}
 f - a scroll of enchant weapon
 g - 2 scrolls of fog
 h - a scroll of poison {unknown}
 m - 2 scrolls of teleportation {unknown}
 r - a scroll of vulnerability
 s - a scroll of magic mapping {unknown}
 u - a scroll of blinking
 x - a scroll of fear {unknown}
 C - a scroll of noise {unknown}
Potions
 a - 2 potions of heal wounds
 b - a potion of haste
 c - a potion of ambrosia {unknown}
 i - 4 potions of curing
 l - a potion of mutation
 q - a potion of berserk rage
 z - a potion of brilliance {unknown}
 B - a potion of cancellation {unknown}


   Skills:
 + Level 2.3 Fighting
 + Level 3.3 Short Blades
 * Level 4.5 Throwing
 + Level 5.0 Armour
 + Level 4.6 Dodging
 + Level 3.7 Stealth
 + Level 5.0 Spellcasting
 - Level 4.0 Conjurations
 * Level 1.6 Translocations
 + Level 8.8 Air Magic
 + Level 2.1 Poison Magic


You had 6 spell levels left.
You knew the following spells:

 Your Spells              Type           Power      Damage    Failure   Level
a - Shock                 Conj/Air       100%       1d9       1%          1
b - Poisonous Vapours     Pois/Air       54%        N/A       1%          2
c - Swiftness             Air            40%        N/A       1%          3
d - Airstrike             Air            20%        2d(3-19)  3%          4
e - Blink                 Tloc           22%        N/A       9%          2

Your spell library contained the following spells:

 Spells                   Type           Power      Damage    Failure   Level
 Momentum Strike          Conj/Tloc      32%        3d8       5%          2
 Static Discharge         Conj/Air       60%        2-5/arc   1%          2
 Magic Dart               Conj           84%        1d7       2%          1
 Searing Ray              Conj           42%        2d6       3%          2
 Sting                    Tmut/Pois      36%        1d4       8%          1
 Portal Projectile        Hex/Tloc       16%        N/A       26%         3
 Call Canine Familiar     Summ           5%         N/A       34%         3
 Inner Flame              Hex/Fire       5%         N/A       34%         3
 Summon Guardian Golem    Hex/Summ       5%         N/A       34%         3
 Olgreb's Toxic Radiance  Pois           13%        N/A       43%         4
 Fulminant Prism          Conj/Hex       6%         3d7       45%         4
 Manifold Assault         Tloc           11%        N/A       52%         4
 Leda's Liquefaction      Hex/Erth       2%         N/A       75%         4
 Yara's Violent Unravell  Hex/Tmut       2%         3d3       97%         5
 Enfeeble                 Hex            2%         N/A       100%        7
 Orb of Destruction       Conj           10%        9d6       100%        7
 Spellforged Servitor     Conj/Summ      6%         N/A       100%        7
 Storm Form               Tmut/Air       11%        N/A       100%        7


Dungeon Overview and Level Annotations

Branches:
Dungeon (8/15)             Temple (1/1) D:7
   Lair: D:8-11

Altars:
Ashenzari
Cheibriados
Dithmenos
Elyvilon
Fedhas
Gozag
Hepliaklqana
Kikubaaqudgha
Makhleb
Nemelex Xobeh
Okawaru
Qazlal
Ru
Sif Muna
Trog
Uskayaw
Vehumet
Wu Jian
Yredelemnul
Zin

Shops:
D:6 (

Annotations:
D:2 dig, 1 runed translucent door, Crazy Yiuf
D:6 2 transporters, xXxYeetmaster69xXx's ghost, novice GrBe
D:7 dig
D:8 Gastronok


Innate Abilities, Weirdness & Mutations

You have a beak for a mouth.
You have claws for feet.
Your magical nature lets you fly swiftly and evasively.


Message History

There is a stone staircase leading down here.
Things that are here:
a +0 robe; a +0 dagger
There is a staircase to the Ecumenical Temple here.
There is a stone staircase leading down here.
You fly downwards.
There is a stone staircase leading up here.
Gastronok the Ponderous comes into view.
He is wearing a +2 hat of stealth.
Found 3 stones.
Gastronok bites you!!
Ouch! That really hurt!
You hit Gastronok but do no damage.
Gastronok is poisoned.
You peck Gastronok, but do no damage.
Casting: Shock (safe; 1% risk of failure)
Confirm with . or Enter, or press ? or * to list all spells.
Aiming: Airstrike (dangerous; 3% risk of failure)
Press: ? - help, Dir - move target, f - Gastronok
Aim: Gastronok, wearing a +2 hat of stealth (very poisoned, empty space bonus: 6/8)
The air twists around and strikes Gastronok!!
Gastronok is lightly wounded.
Gastronok casts a spell at you.
You feel yourself slow down.
Casting: Airstrike (dangerous; 3% risk of failure)
Confirm with . or Enter, or press ? or * to list all spells.
Aiming: Airstrike (dangerous; 3% risk of failure)
Press: ? - help, Dir - move target, f/p - Gastronok
Aim: Gastronok, wearing a +2 hat of stealth (lightly wounded, very poisoned, empty space bonus: 6/8)
The air twists around and strikes Gastronok!!
Gastronok is moderately wounded.
Unknown command.
Casting: Airstrike (dangerous; 3% risk of failure)
Confirm with . or Enter, or press ? or * to list all spells.
Aiming: Airstrike (dangerous; 3% risk of failure)
Press: ? - help, Dir - move target, f/p - Gastronok
Aim: Gastronok, wearing a +2 hat of stealth (moderately wounded, very poisoned, empty space bonus: 6/8)
The air twists around and strikes Gastronok!
Gastronok is heavily wounded.
Gastronok waves his eye-stalks in wide circles.
The air twists around and strikes you!!
You die...

## ######### ..# #
##.......###### #..#...
...#####......###......#
#### ######...@..#
#.....#w......
.....#...........
........#.(.......
.####..........###
#..........#
#..........#
############


You could see Gastronok (very poisoned).

Vanquished Creatures
  Pikel (D:5)
  Maggie (D:6)
  A kobold demonologist (D:7)
  Eustachio (D:5)
  A steam dragon (D:7)
  2 water moccasins
  An orc warrior (D:7)
  2 ogres
  2 phantoms
  3 scorpions
  A bullfrog (D:5)
  5 hounds
  2 orc priests
  A jelly (D:7)
  3 iguanas
  6 orc wizards
  11 gnolls
  5 adders
  A shadow imp (D:6)
  A white imp (D:6)
  2 ufetubi
  A worm (D:2)
  2 dart slugs
  14 orcs
  5 bats
  5 endoplasms
  3 giant cockroaches
  11 hobgoblins
  4 jackals (D:2)
  9 kobolds
  A quokka (D:3)
  3 training dummies (D:6)
  3 ball pythons
  2 frilled lizards
  6 goblins
  4 rats
126 creatures vanquished.

Notes
Turn   | Place    | Note
-------+----------+-------------------------------------------
     0 | D:1      | monsoonserge the Tengu Air Elementalist began the quest for
                  | the Orb.
     0 | D:1      | Reached XP level 1. HP: 10/10 MP: 4/4
    65 | D:1      | Reached XP level 2. HP: 12/15 MP: 3/6
   122 | D:1      | Reached skill level 5 in Air Magic
   146 | D:1      | Learned a level 2 spell: Poisonous Vapours
   401 | D:1      | Reached XP level 3. HP: 15/19 MP: 1/7
   783 | D:1      | Found a faded altar of an unknown god.
  1109 | D:2      | Reached skill level 1 in Armour
  1472 | D:2      | Reached XP level 4. HP: 24/24 MP: 5/8
  1750 | D:2      | Found a runed translucent door.
  1751 | D:2      | Noticed Crazy Yiuf
  1925 | D:3      | Identified the ring of Amenouk {rN+ Will- rCorr Dex+2 SInv
                  | Stlth+}
  2059 | D:3      | Found a radiant altar of Vehumet.
  2071 | D:3      | Became a worshipper of Vehumet
  2239 | D:3      | Learned a level 3 spell: Swiftness
  2718 | D:4      | Noticed an ogre
  2892 | D:4      | Noticed a scorpion
  2993 | D:4      | Gained mutation: Your magical nature lets you fly swiftly
                  | and evasively. [Tengu growth]
  2993 | D:4      | Reached XP level 5. HP: 24/28 MP: 9/9
  3027 | D:4      | Reached skill level 1 in Short Blades
  3032 | D:4      | Reached skill level 1 in Poison Magic
  3310 | D:4      | Reached XP level 6. HP: 22/33 MP: 4/10
  3446 | D:4      | Reached skill level 1 in Fighting
  3878 | D:4      | Reached XP level 7. HP: 38/38 MP: 4/12
  4046 | D:5      | Entered Level 5 of the Dungeon
  4073 | D:5      | Reached skill level 6 in Air Magic
  4187 | D:4      | Reached * piety under Vehumet
  4187 | D:4      | Offered knowledge of Sandblast by Vehumet.
  4318 | D:5      | HP: 1/38 [water moccasin (6)]
  4501 | D:5      | Reached XP level 8. HP: 43/43 MP: 10/14
  4601 | D:5      | Found a basalt altar of Yredelemnul.
  4661 | D:5      | Learned a level 4 spell: Airstrike
  4774 | D:5      | Noticed Eustachio
  4793 | D:5      | Killed Eustachio
  4794 | D:5      | Reached skill level 1 in Throwing
  4907 | D:5      | Found a blossoming altar of Fedhas.
  4907 | D:5      | Found a sparkling altar of Nemelex Xobeh.
  4907 | D:5      | Noticed Pikel
  4933 | D:5      | Killed Pikel
  4934 | D:5      | Reached skill level 7 in Air Magic
  5199 | D:5      | Reached skill level 5 in Armour
  5439 | D:6      | Found a transporter.
  5454 | D:6      | Found a transporter.
  5458 | D:6      | Noticed xXxYeetmaster69xXx's ghost (novice GrBe)
  5463 | D:6      | Noticed Maggie
  5472 | D:6      | Killed Maggie
  5473 | D:6      | Reached skill level 5 in Spellcasting
  5473 | D:6      | Reached skill level 8 in Air Magic
  5473 | D:6      | Reached XP level 9. HP: 31/48 MP: 2/17
  5684 | D:6      | Learned a level 2 spell: Blink
  5769 | D:6      | Found Ifolifra's Firing Range.
  6005 | D:6      | Found an iron altar of Okawaru.
  6024 | D:6      | Offered knowledge of Momentum Strike by Vehumet.
  6145 | D:7      | Found a staircase to the Ecumenical Temple.
  6150 | Temple   | Entered the Ecumenical Temple
  6264 | D:7      | Noticed a kobold demonologist
  6268 | D:7      | Noticed a red devil
  6273 | D:7      | Killed a kobold demonologist
  6274 | D:7      | Reached skill level 1 in Translocations
  6521 | D:7      | Reached ** piety under Vehumet
  7080 | D:8      | Noticed Gastronok
  7090 | D:8      | Killed from afar by Gastronok

Illustrated notes

Levels and vault maps discovered:
D:1:      psy_arrival_whirlpool, layout_loops_cross,
          hellmonk_ecumenical_altar_prayer_group, minmay_strange_pillars,
          palyth_stone_intersect
D:2:      layout_basic, due_unseen_surprise, uniq_crazy_yiuf_cottage
D:3:      layout_loops_corners, vehumet_altar_wand_db
D:4:      layout_basic
D:5:      layout_cave_pools, mainiacjoe_overflow_alcove_1,
          gammafunk_temple_overflow_pools, serial_bayou_lake_a, uniq_pikel,
          uniq_eustachio
D:6:      layout_basic, mainiacjoe_overflow_chevrons,
          gammafunk_ghost_stat_death, minmay_misc_feat_rugged,
          minmay_curled_crystal, amethyst_killhole, nicolae_shop_firing_range,
          uniq_maggie
D:7:      layout_loops_ring, temple_statues, due_unseen_surprise
D:8:      layout_rooms, uniq_gastronok
Temple:   regret_index_temple_waves

Skill      XL: |  1  2  3  4  5  6  7  8  9 |
---------------+----------------------------+-----
Air Magic      | 5 6 8 |  8.8
Armour         | 1 2 3 4 5 |  5.0
Short Blades   | 1 2 3 |  3.3
Poison Magic   | 1 2 |  2.1
Conjurations   | 2 3 4 |  4.0
Fighting       | 1 2 |  2.3
Dodging        | 3 4 |  4.6
Spellcasting   | 3 5 |  5.0
Throwing       | 3 4 |  4.5
Stealth        | 3 |  3.7
Translocations | 1 |  1.6

Action                     |  1- 3 |  4- 6 |  7- 9 || total
---------------------------+-------+-------+-------++-------
  Melee: Mace              |     3 |       |       ||     3
         Peck              |     5 |    12 |    20 ||    37
         Punch             |     1 |       |       ||     1
         Whip              |     6 |       |       ||     6
         Short sword       |     7 |       |       ||     7
         Kick              |     9 |    14 |    42 ||    65
         Dagger            |    18 |    64 |   109 ||   191
         Rapier            |     3 |       |       ||     3
  Throw: Boomerang         |       |       |     3 ||     3
   Cast: Shock             |    31 |    33 |    76 ||   140
         Poisonous Vapours |     7 |     4 |    10 ||    21
         Airstrike         |       |       |    14 ||    14
    Use: Potion            |       |     2 |     2 ||     4
         Scroll            |       |       |     8 ||     8
   Stab: Sleeping          |     3 |     4 |     5 ||    12
         Distracted        |       |       |     1 ||     1
 Armour: Leather armour    |    15 |    20 |     7 ||    42
         Steam dragon scal |       |       |     8 ||     8
  Dodge: Dodged            |    23 |    66 |   101 ||   190
